AoeStats
← G2_pizza

Oasis

508405551Analyzed
4v4 RM · 10d ago on Sep 22, 2026· 12m 33s· 8 players
Game mode
Random Map
Map size
Large (8 player)
Population
200
Speed
Normal
Resources
Standard
Victory
Conquest
Starting age
Dark Age
Ending age
Imperial Age
RankedLock teamsTeams togetherTeam positionsShared explorationLock speedFull tech treeHidden civsTurbo modeCheats
Victory
Defeat
🇨🇳 Magyars · China
1514
+4
🇨🇳 Ethiopians · China
1495
+5
🇫🇷 Celts · France
1087
+18
🇨🇳 Wu · China
784
+27
🇨🇳 Koreans · China
1254
-17
🇹🇼 Slavs · Taiwan
1174
-14
🇦🇺 Italians · Australia
1123
-12
🇨🇳 Wu · China
1096
-11
韓國魚
2:30 Loom
11:49 Feudal Age
ZHurald ZHurdrada
8:29 Loom
9:43 Loom
12:02 Feudal Age
蔡鳥
6:17 Loom
9:19 Feudal Age
12:50 Gold Mining
Jimi
5:47 Loom
9:20 Feudal Age
11:00 Double-Bit Axe
Kim jong-un
6:58 Loom
9:21 Feudal Age
9:24 Man-at-Arms
10:00 Man-at-Arms
10:31 Double-Bit Axe
G2_pizza
6:33 Loom
8:45 Feudal Age
11:26 Town Watch
11:40 Double-Bit Axe
13:02 Fletching
小白妈妈
6:39 Loom
8:45 Feudal Age
10:52 Double-Bit Axe
12:35 Horse Collar
此身为剑所天成
4:30 Loom
11:07 Feudal Age
Connection lost

Rejoining the realm…

Still unreachable

The connection could not be restored.

Session expired

The server has moved on; the page needs a fresh start.